General information
			
			
        
        - name: tim
 
        - type: Custom game
 
        - host: Starshaped
 
        - saver: TIMG4STRok
 
        
map: EchoIsles 
        - players: 2
 
        - length: 10:31
 
        - speed: Fast
 - version: 1.22 W3XP
 - replay type:  

 
» download(44 KB)
Players
        team 1 (winner) 
              
              
» 
Starshaped (
pink | 104 APM | 1090 actions | 10:31)
              
 2 Death Knight 
 1 Death Coil
 1 Unholy Aura
 1 Lich 
 1 Frost Nova
 
                » actions 
                
                | Assign group hotkey | 15 |  | 
| Basic commands | 2 |  | 
| Build / train | 21 |  | 
| Enter build submenu | 18 |  | 
| Enter hero's abilities submenu | 3 |  | 
| Right click | 654 |  | 
| Select / deselect | 138 |  | 
| Select group hotkey | 198 |  | 
| Use ability | 41 |  | 
                1090 total
 » units 
                
                | Acolyte | 3 |  | 
| Ghoul | 4 |  | 
| Obsidian Statue | 3 |  | 
                10 total
 » upgrades
                
                | Destroyer Form | 1 |  | 
| Ghoul Frenzy | 1 |  | 
                2 total
 » buildings
                
                | Altar of Darkness | 1 |  | 
| Ziggurat | 6 |  | 
| Crypt | 1 |  | 
| Tomb of Relics | 1 |  | 
| Halls of the Dead | 1 |  | 
| Graveyard | 1 |  | 
| Black Citadel | 1 |  | 
| Slaughterhouse | 2 |  | 
                14 total
 » build order
                00:07 Altar of Darkness
00:11 Ziggurat
00:33 Crypt
01:02 Tomb of Relics
01:23 Ziggurat
02:52 Halls of the Dead
03:05 Ziggurat
04:00 Graveyard
05:39 Black Citadel
05:42 Slaughterhouse
05:47 Slaughterhouse
07:02 Ziggurat
08:22 Ziggurat
08:23 Ziggurat
» items
                
                | Rod of Necromancy | 1 |  | 
| Orb of Corruption | 1 |  | 
                2 total
  
               team 2 (loser) 
              
              
TIMG4STRok (
gray | 146 APM | 1533 actions | 10:31)
              
 3 Archmage 
 2 Summon Water Elemental
 1 Brilliance Aura
 2 Mountain King 
 1 Storm Bolt
 1 Bash
 
                » actions 
                
                | Assign group hotkey | 16 |  | 
| Basic commands | 46 |  | 
| Build / train | 33 |  | 
| Enter build submenu | 18 |  | 
| Enter hero's abilities submenu | 5 |  | 
| Give item / drop item | 1 |  | 
| Right click | 865 |  | 
| Select / deselect | 189 |  | 
| Select group hotkey | 315 |  | 
| Use ability | 45 |  | 
                1533 total
 » units 
                
                | Peasant | 14 |  | 
| Footman | 6 |  | 
| Forest Troll Berserker | 1 |  | 
                21 total
 » upgrades
                » buildings
                
                | Altar of Kings | 1 |  | 
| Barracks | 1 |  | 
| Farm | 7 |  | 
| Keep | 1 |  | 
| Scout Tower | 3 |  | 
| Lumber Mill | 1 |  | 
| Arcane Tower | 1 |  | 
| Arcane Vault | 1 |  | 
| Castle | 1 |  | 
| Blacksmith | 1 |  | 
| Workshop | 2 |  | 
| Town Hall | 1 |  | 
                21 total
 » build order
                00:06 Altar of Kings
00:10 Barracks
00:17 Farm
01:05 Farm
01:58 Farm
02:00 Farm
03:17 Keep
04:08 Farm
04:37 Scout Tower
04:39 Lumber Mill
05:11 Arcane Tower
05:55 Arcane Vault
07:50 Castle
08:11 Blacksmith
08:46 Farm
08:47 Farm
09:52 Workshop
09:52 Workshop
09:56 Scout Tower
09:57 Scout Tower
10:11 Town Hall
» items
                 
                Chat log
          (00:13 / All) TIMG4STRok: gg gl
(00:13 / All) Starshaped: hf
(00:52 / All) Starshaped: i forgot the bo of this race tt
(00:58 / All) TIMG4STRok: ugh
(01:08 / All) Starshaped: too much rt
(01:23 / All) TIMG4STRok: is that a gy
(01:28 / All) TIMG4STRok: or a shop
(01:32 / All) Starshaped: ?
(01:36 / All) TIMG4STRok: its a shop i think
(01:39 / All) Starshaped: shoåp
(01:40 / All) Starshaped: shop
(10:20 / All) TIMG4STRok: undead is the gayest race did you know this
(10:25 / All) Starshaped: ))